[Event "*** Titled Tuesday Blitz"]
[Site "Chess.com"]
[Date "2020.11.10"]
[Round "1"]
[White "narutosmith"]
[Black "Fins0905"]
[Result "0-1"]
[WhiteElo "2310"]
[BlackElo "2631"]
[TimeControl "180+1"]
[EndTime "10:08:09 PST"]
[Termination "Fins0905 won on time"]

1. d4 d5 2. Bf4 c5 3. e3 cxd4 4. exd4 Nc6 5. c3 Bf5 6. Bd3 Bxd3 7. Qxd3 e6 8. Nf3 Bd6 9. Bxd6 Qxd6 10. O-O Nge7 11. Nbd2 O-O 12. b4 Rac8 13. a4 Qc7 14.
Rfc1 Nf5 15. Nb3 Nd6 16. Nfd2 b6 17. a5 Qb7 18. axb6 axb6 19. Qa6 Ra8 20. Qxb7 Nxb7 21. Nf3 Nd6 22. Nfd2 Rfc8 23. Kf1 Rxa1 24. Rxa1 Nb5 25. Ra6 Rb8 26. Nb1 Kf8 27. Ke2 Ke7 28. Kd3 Kd7 29.
Na3 Nc7 30. Ra4 b5 31. Nc5+ Kd6 32. Nxb5+ Rxb5 33. f4 f6 34. Ra1 e5 35. fxe5+ fxe5 36. Rf1 exd4 37. Rf7 Nb8 38. Rxg7 dxc3 39. Kxc3 Nba6 40. Nd3 Ne6 41. Rxh7 Rb8 42. g4 Rc8+ 43. Kd2 Rc4 44. h3 Nxb4 45. Nxb4 Rxb4 46. Rh6 Ke5 47. Rh5+ Ke4 48. Rf5 d4 49. h4 Rb2+ 50. Kd1 Rg2 51.
Rf6 Nf4 52. g5 d3 53. Rf8 Ke3 54. Re8+ Kd4 55. Rd8+ Nd5 56. Rd6 Rg4 57. Rh6 Nc3+ 0-1

[Event "*** Titled Tuesday Blitz"]
[Site "Chess.com"]
[Date "2020.11.10"]
[Round "1"]
[White "Gabrielian_Artur"]
[Black "AsaHoffmann"]
[Result "1-0"]
[WhiteElo "2800"]
[BlackElo "2401"]
[TimeControl "180+1"]
[EndTime "10:08:10 PST"]
[Termination "Gabrielian_Artur won on time"]

1. e4 d6 2. d4 c6 3. Nf3 Bg4 4.
h3 Bh5 5. Bd3 Nf6 6. O-O e6 7.
Re1 Be7 8. Nbd2 d5 9. e5 Nfd7 10.
Nf1 c5 11. c3 Nc6 12. Be3 Qb6 13. Ng3 Bg6 14. Rb1 cxd4 15. cxd4 Rc8 16. b4 Bxd3 17.
Qxd3 Nxb4 18. Qb3 Nc2 19. Rec1 Qxb3 20. Rxb3 Nb6 21. Rxb6 axb6 22. Ne1 Kd7 23. Rxc2 Rxc2 24. Nxc2 Rc8 25. Ne1 Ra8 26. Ne2 Rxa2 27. Nc1 Ra1 28.
Nc2 Ra4 29. Kf1 b5 30. Ke2 b4 31. Nb3 Ra2 32. Kd3 b6 33. f4 g6 34. g4 h5 35. Bd2 Ra4 36. Be1 hxg4 37. hxg4 Kc6 38. Bd2 Kb5 39. Be1 Ra8 40. Bd2 Rh8 41. f5 gxf5 42. gxf5 Rh3+ 43. Ne3 Ka4 44. Kc2 Bg5 45. Nxd5 exd5 46. Bxg5 Rxb3 47. e6 fxe6 48. fxe6 Rc3+ 49. Kb2 Rc8 50. e7 b3 51. Bf6 Re8 52. Bg5 Kb4 53. Bf6 1-0

[Event "*** Titled Tuesday Blitz"]
[Site "Chess.com"]
[Date "2020.11.10"]
[Round "1"]
[White "wnstop"]
[Black "CarrotsandPizza"]
[Result "1-0"]
[WhiteElo "2704"]
[BlackElo "2350"]
[TimeControl "180+1"]
[EndTime "10:08:10 PST"]
[Termination "wnstop won by checkmate"]

1. e4 c5 2. Nf3 Qb6 3. Nc3 Nc6 4. Nd5 Qa5 5. c3 e6 6. Ne3 d6 7. Nc4 Qc7 8. d4 d5 9. exd5 exd5 10. Nce5 cxd4 11. cxd4 Nf6 12. Bd3 Nxd4 13. Qa4+ Nc6 14. Bb5 Bd7 15. Nxd7 Nxd7 16. O-O Be7 17. Re1 Nb6 18.
Bxc6+ bxc6 19. Qh4 Qd7 20. Bd2 Nc8 21. Bb4 Nd6 22. Rxe7+ Qxe7 23. Re1 Qxe1+ 24. Nxe1 Rd8 25. Qg3 Nf5 26. Qe5+ Kd7 27. Qxf5+ Kc7 28. Qxf7+ Rd7 29. Qf4+ Kb7 30. Nd3 Re8 31. Nc5+ Kc8 32. Nxd7 Kxd7 33.
Qg4+ Kc7 34. h3 Kb6 35. Bc3 g6 36. Qd7 Re4 37. f3 Re2 38. Bd4+ Kb5 39. Qb7+ Kc4 40. Qa6+ Kxd4 41. Qxe2 Kc5 42. Kf2 Kd6 43. Qc2 c5 44. Ke3 Ke5 45. Qxc5 Ke6 46. Kd4 a6 47. Qxd5+ Kf6 48.
Qe5+ Kf7 49. Kd5 g5 50. Kd6 Kg6 51. g4 h5 52. Qe8+ Kf6 53. Qf8+ Kg6 54. Ke6 a5 55. Qg8+ Kh6 56. Kf6 h4 57. Qg6# 1-0

[Event "*** Titled Tuesday Blitz"]
[Site "Chess.com"]
[Date "2020.11.10"]
[Round "1"]
[White "kingofthenil"]
[Black "Nara_Kh"]
[Result "1-0"]
[WhiteElo "2673"]
[BlackElo "2342"]
[TimeControl "180+1"]
[EndTime "10:08:10 PST"]
[Termination "kingofthenil won by resignation"]

1. e4 c5 2. d3 Nc6 3. g3 g6 4.
Bg2 Bg7 5. f4 d6 6. Nf3 e6 7.
O-O Nge7 8. c3 O-O 9. Be3 b6 10. d4 Ba6 11. Re1 Qc7 12. Na3 Rfd8 13. Bf2 d5 14. e5 cxd4 15. cxd4 Nb4 16. Re3 Rac8 17. Qa4 Nec6 18. Rc3 Qb7 19. Nb5 Bxb5 20. Qxb5 a6 21. Qe2 Ne7 22. Rxc8 Rxc8 23. a3 Nbc6 24. Rc1 Na5 25. Qd1 Nc4 26. Qe2 b5 27. Be1 Nf5 28.
Rc3 Qb6 29. Rd3 Bf8 30. g4 Ne7 31. Bf2 Nc6 32. f5 a5 33. h4 b4 34. a4 b3 35. h5 Nb4 36. Rxb3 Qc6 37. Rc3 Qxa4 38. hxg6 hxg6 39. fxg6 fxg6 40. Ng5 Qd7 41. Rh3 Bg7 42. Nh7 Qf7 43. g5 Qf5 44. Nf6+ Kf7 45. Rf3 Qb1+ 46. Bf1 Rh8 47. Nxd5+ Ke8 48. Nxb4 axb4 49. Qxc4 Kd7 50.
Qb5+ Kc7 51. Rf7+ Kc8 52. Qb7+ 1-0

[Event "*** Titled Tuesday Blitz"]
[Site "Chess.com"]
[Date "2020.11.10"]
[Round "1"]
[White "paulrusan"]
[Black "Sadykov_Ramil"]
[Result "0-1"]
[WhiteElo "2207"]
[BlackElo "2554"]
[TimeControl "180+1"]
[EndTime "10:08:10 PST"]
[Termination "Sadykov_Ramil won by checkmate"]

1. e4 c6 2. d4 d5 3. f3 g6 4. Nc3 Bg7 5. Be3 Qb6 6. a3 dxe4 7. fxe4 e5 8. Nf3 Bg4 9. Qd2 Qxb2 10. Rb1 Qxa3 11. Rxb7 Nd7 12. Bc4 Bxf3 13. gxf3 Rd8 14. O-O exd4 15. Bxd4 Ne5 16. Bb3 Rxd4 17. Qxd4 Nxf3+ 18.
Rxf3 Bxd4+ 19. Kg2 Nh6 20. Rb8+ Kd7 21. Rxh8 Bxh8 22.
e5 Bxe5 23. Ne4 Qc1 24. Nc5+ Kd6 25. Nd3 Qd2+ 26. Rf2 Qg5+ 27. Kf1 Ng4 28. Re2 Nxh2+ 29. Ke1 Bc3+ 30. Kd1 Qg1+ 31. Ne1 Bxe1 32. Rxe1 Qd4+ 33. Kc1 Nf3 34. Rd1 f5 35. c3 Qxd1+ 36. Bxd1 Ne5 37. Kd2 g5 38. Ke3 c5 39. Be2 c4 40. Kd2 Kd5 41.
Ke3 h6 42. Bf1 f4+ 43. Kd2 Ke4 44. Bg2+ f3 45. Bh1 g4 46. Ke1 Ke3 47. Kf1 Nd3 48. Bxf3 Kxf3 49. Kg1 a5 50. Kh2 a4 51. Kg1 a3 52. Kh2 a2 53. Kg1 a1=Q+ 54. Kh2 Qb2+ 55. Kh1 Qg2# 0-1

[Event "*** Titled Tuesday Blitz"]
[Site "Chess.com"]
[Date "2020.11.10"]
[Round "1"]
[White "KarstenHansch"]
[Black "FMOlexandrProhorov"]
[Result "1-0"]
[WhiteElo "2518"]
[BlackElo "2106"]
[TimeControl "180+1"]
[EndTime "10:08:10 PST"]
[Termination "KarstenHansch won on time"]

1. e4 c5 2. Nf3 Nc6 3. Bb5 g6 4.
O-O Bg7 5. Re1 Nf6 6. e5 Nd5 7. Nc3 Nc7 8. Bxc6 dxc6 9. Ne4 b6 10. h3 Ne6 11. d3 O-O 12. Neg5 Qc7 13. Nxe6 Bxe6 14.
Bf4 Qd7 15. Qe2 h6 16. Rad1 Rad8 17. a4 Kh7 18. d4 cxd4 19. Rxd4 Qb7 20. Red1 Rxd4 21.
Rxd4 c5 22. Rd2 Qc6 23. b3 c4 24. Nd4 Qc8 25. Nxe6 fxe6 26. Bg3 cxb3 27. cxb3 Qc1+ 28. Rd1 Qc3 29. Rd3 Qc1+ 30. Kh2 h5 31. Rd7 Qc5 32. Rxa7 h4 33. Bxh4 Bxe5+ 34. Bg3 Bf6 35. Rc7 Qd5 36. Qc4 Rd8 37. Rc6 Qxc4 38. bxc4 Ra8 39. Rxb6 Rxa4 40. c5 Rc4 41. c6 e5 42. f3 Kg7 43. Kg1 Kf7 44.
Kf1 Ke6 45. Ke2 Kd6 46. Kd3 Rxc6 47. Rxc6+ Kxc6 48. Ke4 Kd6 49. Be1 Ke6 50. Bb4 Bg5 51. Bc3 Bf4 52. Be1 Kf6 53. g3 Bc1 54. Bc3 e6 55.
Bxe5+ Kf7 56. Kd4 Ba3 57. Kc4 Be7 58. Kb5 g5 59. Kc6 Bd8 60. Kd7 Be7 61. f4 gxf4 62. Bxf4 Bh4 63. gxh4 1-0

[Event "*** Titled Tuesday Blitz"]
[Site "Chess.com"]
[Date "2020.11.10"]
[Round "1"]
[White "Meri-Arabidze"]
[Black "The_Machine04"]
[Result "1-0"]
[WhiteElo "2609"]
[BlackElo "2292"]
[TimeControl "180+1"]
[EndTime "10:08:11 PST"]
[Termination "Meri-Arabidze won by checkmate"]

1. d4 d6 2. Nf3 Nf6 3. c4 g6 4. Nc3 Bf5 5. Nh4 Bd7 6. e4 Bg7 7. Be2 O-O 8. O-O e5 9. Nf3 exd4 10. Nxd4 Nc6 11. Be3 Re8 12. f3 Nh5 13. Nxc6 Bxc6 14. Qd2 Qe7 15. Rac1 f5 16. Bg5 Bf6 17. Bxf6 Qxf6 18.
exf5 Qxf5 19. Bd3 Qc5+ 20. Kh1 Qe3 21. Qxe3 Rxe3 22. Be4 Nf6 23. Bxc6 bxc6 24. c5 d5 25.
Rfe1 Rae8 26. Rxe3 Rxe3 27. Kg1 Nd7 28. Kf2 Rd3 29. Ke2 Rd4 30. Nd1 Rb4 31. b3 Rb5 32. Kd3 Rxc5 33. Rxc5 Nxc5+ 34. Kd4 Nd7 35. Nb2 Kf7 36.
Nd3 Ke6 37. b4 Kd6 38. g4 a5 39. bxa5 c5+ 40. Kc3 c4 41. Nf4 Kc5 42. a4 d4+ 43. Kd2 Kb4 44. a6 Kxa4 45. Nd5 c6 46. a7 cxd5 47.
a8=Q+ Kb5 48. Qb7+ Nb6 49. Qxh7 Kb4 50. Qe7+ Kb5 51. Qe8+ Kc5 52. Qxg6 d3 53. Qe8 Kd4 54. Qe3# 1-0

[Event "*** Titled Tuesday Blitz"]
[Site "Chess.com"]
[Date "2020.11.10"]
[Round "1"]
[White "Sergey85Rodchenkov"]
[Black "Jospem"]
[Result "0-1"]
[WhiteElo "2453"]
[BlackElo "2909"]
[TimeControl "180+1"]
[EndTime "10:08:12 PST"]
[Termination "Jospem won by resignation"]

1. e4 c5 2. Nf3 d6 3. d4 cxd4 4. Nxd4 a6 5. Nc3 e6 6. Bc4 Nf6 7. Bb3 b5 8. O-O Be7 9. f4 O-O 10. e5 dxe5 11. fxe5 Nfd7 12. Be3 Nc5 13. Qh5 Qc7 14.
Rf3 g6 15. Qh6 Qxe5 16. Raf1 Qg7 17. Qxg7+ Kxg7 18. Rg3 Bb7 19. Nf3 Nbd7 20. Bd4+ Bf6 21. Bxf6+ Nxf6 22. Ne5 Nfd7 23. Nxd7 Nxd7 24. Rd3 Nc5 25.
Rd6 Rfd8 26. Rfd1 Rxd6 27. Rxd6 Rc8 28. Rb6 Rc7 29. Ne2 Nd7 30. Rd6 Kf8 31. c3 Ke7 32. Rd2 Nc5 33. Nd4 e5 34. Nf3 f6 35. Bc2 Rd7 36.
Rxd7+ Kxd7 37. Kf2 Kd6 38. Ke3 Bd5 39. b3 Ne6 40. g3 f5 41. Nd2 f4+ 42. Kf2 Ng5 43. h4 Nh3+ 44. Ke2 fxg3 45. Ne4+ Bxe4 46. Bxe4 g2 47.
Bxg2 Nf4+ 48. Kf3 Nxg2 49. Kxg2 h6 50. Kf3 g5 51. hxg5 hxg5 52. Ke4 g4 53. Ke3 Kd5 54. Kd3 g3 55. Ke3 e4 56. Ke2 Ke5 57. Ke3 Kf5 58. Ke2 Kf4 59. c4 bxc4 60. bxc4 Ke5 61. c5 Kd5 0-1

[Event "*** Titled Tuesday Blitz"]
[Site "Chess.com"]
[Date "2020.11.10"]
[Round "1"]
[White "MatyChess1"]
[Black "HrvojeZagreb"]
[Result "1-0"]
[WhiteElo "2582"]
[BlackElo "2266"]
[TimeControl "180+1"]
[EndTime "10:08:12 PST"]
[Termination "MatyChess1 won by checkmate"]

1. e4 e6 2. d4 d5 3. Nc3 dxe4 4. Nxe4 Nd7 5. g3 Ngf6 6. Nxf6+ Nxf6 7. Bg2 Rb8 8. Nf3 Bd6 9. O-O O-O 10. Ne5 c5 11. Nc4 Be7 12. Bf4 Ra8 13. dxc5 Bxc5 14. Bd6 Bxd6 15. Qxd6 Qxd6 16. Nxd6 Rd8 17. Rfd1 g6 18.
c4 Kf8 19. b3 Rb8 20. c5 Ke7 21. Rac1 Ne8 22. Nxe8 Rxd1+ 23. Rxd1 Kxe8 24. c6 bxc6 25. Bxc6+ Ke7 26. f4 Rb6 27. Ba4 Rd6 28. Rc1 Kd8 29. Rc2 Bd7 30. Bxd7 Kxd7 31. Kf2 f6 32. Ke3 h5 33. b4 Rd5 34. a4 a6 35. Rd2 Kc6 36. Rd4 Rf5 37. Rc4+ Kb6 38. Re4 e5 39. fxe5 fxe5 40. Rc4 Rg5 41. Rc5 Rg4 42. Rxe5 Rxb4 43.
a5+ Kb7 44. Re6 Rb5 45. Rxg6 Rxa5 46. h3 Ra1 47. Rh6 Ra5 48. h4 Kc7 49. Kf4 Kd7 50. g4 hxg4 51. Kxg4 Ke7 52. Rh7+ Kf6 53. Ra7 Kg6 54.
h5+ Kh6 55. Rb7 Ra4+ 56. Kf5 Kxh5 57. Rh7# 1-0

[Event "*** Titled Tuesday Blitz"]
[Site "Chess.com"]
[Date "2020.11.10"]
[Round "1"]
[White "OldweakGM"]
[Black "FrenchMonster2002"]
[Result "1-0"]
[WhiteElo "2875"]
[BlackElo "2439"]
[TimeControl "180+1"]
[EndTime "10:08:15 PST"]
[Termination "OldweakGM won on time"]

1. e4 g6 2. d4 Bg7 3. Nc3 a6 4. Be3 b5 5. f3 Bb7 6. Qd2 d6 7. O-O-O Nd7 8. Kb1 Rc8 9. g4 c5 10. dxc5 Nxc5 11. Bd4 Nf6 12. g5 Nh5 13. Bxg7 Nxg7 14. Nge2 b4 15. Nd5 a5 16. Nef4 Nge6 17. h4 Nxf4 18. Nxf4 Ne6 19. Nxe6 fxe6 20. h5 Kd7 21. Bh3 Rc5 22. Qd4 Rxg5 23. hxg6 Rxg6 24. Bg4 Kc7 25. Qa7 Qa8 26. Qe3 e5 27. Bf5 Rf6 28. Rhg1 Qf8 29. Qa7 Qa8 30. Qe3 Qf8 31. c3 Rxf5 32.
exf5 Qxf5+ 33. Ka1 Qxf3 34. Qg5 Qf6 35. Qc1 Kb8 36.
Rdf1 Qe6 37. cxb4 axb4 38. Qd2 Qc4 39. Rc1 Qd4 40. Qg5 Re8 41. Qh5 Rf8 42. Rgf1 Rxf1 43. Qe8+ Ka7 44. Rxf1 Bd5 45. Qxe7+ Bb7 46. Rc1 Qd5 47.
Qxh7 e4 48. Qh6 Qe5 49. Qe3+ Ka6 50. Rd1 d5 51. Kb1 Qd6 52. Rd4 Qb6 53. Qd2 Ka5 54. a3 Ka6 55. Rxb4 Qg1+ 56. Ka2 Qc5 57. Ra4+ Kb6 58.
Rb4+ Kc7 59. Rd4 Bc6 60. b4 Qb5 61. Qc3 Kd6 62. Rd2 Qf1 63. Rc2 Bb5 64. Qf6+ 1-0

[Event "*** Titled Tuesday Blitz"]
[Site "Chess.com"]
[Date "2020.11.10"]
[Round "1"]
[White "Fy_Rakotomaharo"]
[Black "Trickov"]
[Result "1-0"]
[WhiteElo "2650"]
[BlackElo "2332"]
[TimeControl "180+1"]
[EndTime "10:08:15 PST"]
[Termination "Fy_Rakotomaharo won on time"]

1. Nf3 d5 2. b3 c5 3. e3 Nf6 4. Bb2 g6 5. Bxf6 exf6 6. d4 f5 7. c3 Bg7 8. g3 b6 9. Nbd2 O-O 10. Be2 Nd7 11. O-O Nf6 12. b4 Ne4 13. Qb3 a5 14. bxc5 bxc5 15. a4 Be6 16. Qc2 Qc7 17.
Rfc1 Rac8 18. Ba6 Ra8 19. Bb5 Rfc8 20. Qb2 Rab8 21. Nxe4 fxe4 22. Nd2 c4 23. Qc2 Bg4 24.
Nf1 Rb6 25. h4 Rcb8 26. Nh2 Be6 27. Qd1 Bf8 28. Ng4 Bd6 29. Nf6+ Kg7 30. Ne8+ Rxe8 31.
Bxe8 Bxg3 32. Ra2 Bxh4 33. f4 exf3 34. Qxf3 Bg5 35. Rg2 h6 36. Bb5 Qe7 37. Rf1 Bf5 38. Re2 Bd3 39. Rfe1 Bxe2 40. Rxe2 Qd6 41. Rf2 f5 42.
Kg2 Qe6 43. Re2 Qe4 44. Qxe4 fxe4 45. Re1 Rf6 46. Bd7 Kf7 47. Bc8 Ke7 48. Bb7 Kd6 49. Rb1 Rf3 50. Rb6+ Kc7 51. Rb5 Rxe3 52. Bxd5 Rxc3 53. Bxe4 Rc2+ 54. Bxc2 1-0

[Event "*** Titled Tuesday Blitz"]
[Site "Chess.com"]
[Date "2020.11.10"]
[Round "1"]
[White "Alohamora11"]
[Black "wonderfultime"]
[Result "0-1"]
[WhiteElo "2460"]
[BlackElo "2950"]
[TimeControl "180+1"]
[EndTime "10:08:16 PST"]
[Termination "wonderfultime won by resignation"]

1. e4 c5 2. Nf3 Nf6 3. Nc3 d5 4.
exd5 Nxd5 5. Bb5+ Bd7 6. Bxd7+ Qxd7 7. O-O Nc6 8. d4 e6 9. Nxd5 Qxd5 10. dxc5 Qxd1 11.
Rxd1 Bxc5 12. a3 a5 13. b3 Ke7 14. Bb2 f6 15. Nd4 Rac8 16. c4 Rhd8 17. Nxc6+ Rxc6 18. Rxd8 Kxd8 19. Rd1+ Ke7 20. Bc3 Rb6 21. Rb1 Ra6 22.
b4 axb4 23. axb4 Bd6 24. c5 Bc7 25. b5 Ra4 26. Kf1 Kd7 27. Bb4 Ra2 28. Rd1+ Kc8 29. c6 bxc6 30. bxc6 Rc2 31. Rd7 Rxc6 32. Rxg7 Rc1+ 33.
Ke2 Rc2+ 34. Ke1 Bb6 35. Bd2 Bxf2+ 36. Kxf2 Rxd2+ 37. Kf3 Rd7 38. Rg8+ Kc7 39. Rf8 f5 40. g4 fxg4+ 41. Kxg4 Kd6 42. h4 Kd5 43. Kg5 e5 44.
Rf1 Ke6 45. Rf6+ Kd5 46. Rf1 Ra7 47. h5 e4 48. Re1 Kd4 49. Rd1+ Ke5 50. Re1 Kd4 51.
Rd1+ Ke3 52. h6 Kf2 53. Rd8 e3 54. Rf8+ Kg2 55. Re8 Kf2 56. Rf8+ Ke1 57. Kf6 e2 58. Rd8 Kf1 0-1

[Event "*** Titled Tuesday Blitz"]
[Site "Chess.com"]
[Date "2020.11.10"]
[Round "1"]
[White "garicradomir"]
[Black "MokshanovAlexey"]
[Result "0-1"]
[WhiteElo "2290"]
[BlackElo "2610"]
[TimeControl "180+1"]
[EndTime "10:08:16 PST"]
[Termination "MokshanovAlexey won on time"]

1. e4 e6 2. d4 d5 3. Nc3 Nf6 4. Bg5 Be7 5. e5 Nfd7 6. Bxe7 Qxe7 7. Qd2 O-O 8. f4 c5 9. Nf3 f6 10. O-O-O cxd4 11. Qxd4 Nc6 12. exf6 Qxf6 13. Qxf6 Rxf6 14. g3 Nc5 15. Bg2 h6 16. Rhe1 Bd7 17. Ne5 Nxe5 18.
Rxe5 Rc8 19. h4 a5 20. Bh3 b6 21. Rde1 d4 22. Rxc5 bxc5 23. Ne4 Rff8 24. Nd6 Rc6 25.
Nc4 Ra6 26. Ne5 Bc8 27. Ng6 Re8 28. Bf1 Rb6 29. b3 e5 30. Nxe5 Be6 31. Kd2 Bd5 32.
a4 Rbe6 33. Bb5 R8e7 34. h5 Rf6 35. Bd3 Rfe6 36. Bf5 Rf6 37. Bg6 Rfe6 38. Kd3 Rf6 39. f5 Rd6 40. g4 Rd8 41. Nf3 Rxe1 42. Nxe1 Kf8 43. Kd2 Ke7 44. Nd3 Kd6 45. Nf4 Rd7 46.
Be8 Re7 47. Bb5 Re4 48. Nd3 Rxg4 49. Nb2 Rg2+ 50. Kd3 Rg3+ 51. Kd2 Ke5 52. Bc4 Be4 53. Bd3 Rg2+ 54. Kd1 Kxf5 55. Nc4 Bxd3 56. cxd3 g6 57. hxg6 h5 0-1

[Event "*** Titled Tuesday Blitz"]
[Site "Chess.com"]
[Date "2020.11.10"]
[Round "1"]
[White "RestartingChess"]
[Black "VladaSviridova"]
[Result "1-0"]
[WhiteElo "2583"]
[BlackElo "2268"]
[TimeControl "180+1"]
[EndTime "10:08:16 PST"]
[Termination "RestartingChess won by resignation"]

1. e4 e6 2. d4 d5 3. exd5 exd5 4. c4 Nf6 5. Nc3 Bb4 6. Bd3 O-O 7. Ne2 dxc4 8. Bxc4 Nbd7 9. O-O Nb6 10. Bb3 c6 11. Bg5 h6 12. Bh4 Be7 13. Re1 Bf5 14. Rc1 Qd7 15.
Bg3 Rad8 16. Be5 Ng4 17. Ng3 Nxe5 18. dxe5 Qxd1 19. Rcxd1 Be6 20. Bxe6 fxe6 21. Nge2 Nd5 22. Nd4 Nc7 23. Ne4 a6 24. a3 c5 25. Nb3 c4 26. Nbc5 b6 27. Nd7 Rf5 28. Ng3 Rf7 29.
Nxb6 Rxd1 30. Rxd1 Bc5 31. Nxc4 Bxf2+ 32. Kh1 Bxg3 33. hxg3 Nd5 34. Kg1 Rc7 35. Rc1 Rc5 36. b4 Rc6 37. Rc2 g5 38. Kf2 Kg7 39. Ne3 Rxc2+ 40.
Nxc2 Kg6 41. Nd4 Nc7 42. a4 h5 43. b5 axb5 44. axb5 Nd5 45. Nxe6 Kf5 46. Ng7+ Kxe5 47. Nxh5 Nb6 48. Kf3 Kf5 49. Ng7+ Kf6 50. Ne8+ Ke7 51.
Nc7 Kd6 52. Na6 Nd5 53. Kg4 Nf6+ 54. Kxg5 Ne4+ 55. Kf4 Nf6 56. g4 Nd5+ 57. Kf5 Nc3 58. g5 Nxb5 59. Kf6 Nc3 60. g6 Nd5+ 61. Kf7 Ne3 62.
g7 Nf5 63. g4 Nh6+ 64. Kf8 Ke5 65. g5 Nf5 66. g8=Q 1-0

[Event "*** Titled Tuesday Blitz"]
[Site "Chess.com"]
[Date "2020.11.10"]
[Round "1"]
[White "GoltsevDmitry2000"]
[Black "Andrii_Prydun"]
[Result "0-1"]
[WhiteElo "2652"]
[BlackElo "2351"]
[TimeControl "180+1"]
[EndTime "10:08:17 PST"]
[Termination "Andrii_Prydun won by resignation"]

1. b3 d5 2. Bb2 c5 3. Nf3 Nc6 4. g3 d4 5. Bg2 e5 6. O-O Nf6 7. d3 Be6 8. Nbd2 Bd6 9. a4 Bd5 10. Nc4 Bc7 11. Ba3 Qe7 12. Nfd2 Bxg2 13. Kxg2 O-O 14.
e3 b6 15. Qf3 Qd7 16. Rae1 Nd5 17. Ne4 f5 18. Ned6 Nc3 19. Nb5 e4 20. Qh5 g6 21.
Qh6 exd3 22. cxd3 a6 23. Nxc3 dxc3 24. d4 cxd4 25. Bxf8 Rxf8 26. exd4 Nxd4 27. Re3 b5 28.
axb5 axb5 29. Ne5 Qd5+ 30. Nf3 f4 31. Rd3 fxg3 32. fxg3 Bb6 33. Rxc3 Re8 34. Re3 Rc8 35. Kh3 Nf5 36. Re5 Qxe5 37. Qxg6+ hxg6 38. Nxe5 Kg7 39. Rd1 Rc3 40. Rd7+ Kf6 41. Ng4+ Kg5 42. Rb7 Bc7 43. Rxb5 Bxg3 44. hxg3 Rxg3+ 45. Kh2 Kxg4 46. Rb6 g5 47. b4 Rb3 48. b5 Rb2+ 49. Kg1 Kg3 50. Kf1 Nd4 51. Ke1 Rxb5 52. Rd6 Re5+ 53. Kf1 Nf3 54. Rd1 g4 55. Rb1 Rc5 56. Ke2 Kg2 57. Rb2 Re5+ 58. Kd3+ Kf1 59. Rb1+ Re1 60. Rb2 g3 61. Kc4 g2 62. Rb3 Kf2 63. Rb2+ Re2 64. Rb1 Ne1 65. Kd4 g1=Q 66. Rb8 Kf3+ 67. Kd5 Qg5+ 68. Kc6 Rc2+ 69. Kd7 Qg7+ 70. Ke6 Re2+ 71. Kd5 Qe5+ 72. Kc4 Qxb8 73. Kd4 Qc8 74. Kd5 Qc3 75. Kd6 Re5 0-1

[Event "*** Titled Tuesday Blitz"]
[Site "Chess.com"]
[Date "2020.11.10"]
[Round "1"]
[White "Ave_Mariia"]
[Black "sm_sharon"]
[Result "1-0"]
[WhiteElo "2525"]
[BlackElo "2131"]
[TimeControl "180+1"]
[EndTime "10:08:17 PST"]
[Termination "Ave_Mariia won by resignation"]

1. d4 g6 2. c4 Bg7 3. Nf3 d6 4. Bf4 Nd7 5. e3 e5 6. Bg3 Ne7 7. Be2 Nf5 8. Nc3 O-O 9. O-O Nxg3 10. hxg3 exd4 11. exd4 c6 12. g4 Nf6 13. g5 Nh5 14. Qd2 Bg4 15. Nh2 Bxe2 16. Nxe2 Re8 17. Rfe1 Bh8 18. Ng4 f6 19. Nh6+ Kg7 20. f4 fxg5 21.
fxg5 Qe7 22. g4 Qe3+ 23. Qxe3 Rxe3 24. gxh5 Rae8 25. Kf2 R3e4 26. Ng3 Rf4+ 27. Kg2 Ref8 28. Rf1 Rxf1 29. Rxf1 Rxf1 30. Kxf1 gxh5 31. Nxh5+ Kg6 32. Nf4+ Kxg5 33. Nf7+ Kxf4 34. Nxh8 Ke4 35. Nf7 Kxd4 36. Nxd6 b6 37. Ke2 Kc5 38. Nc8 Kxc4 39. Nxa7 Kc5 40. Kd3 h5 41. Nc8 b5 42. Ne7 h4 43. Nf5 h3 44.
Ng3 h2 45. Ke2 Kd4 46. Kf2 Kd3 47. Kg2 Kc2 48. b4 Kb2 49. Ne4 Kxa2 50. Nc5 Ka3 51. Na6 Kb3 52. Kxh2 Kc4 53. Kg3 c5 54. bxc5 Kd5 55.
Kf3 b4 56. Ke3 Kc6 57. Kd4 Kb5 58. Nxb4 Kxb4 59. c6 Kb5 60. c7 1-0

[Event "*** Titled Tuesday Blitz"]
[Site "Chess.com"]
[Date "2020.11.10"]
[Round "1"]
[White "Savva09022009"]
[Black "youngKID"]
[Result "0-1"]
[WhiteElo "2408"]
[BlackElo "2830"]
[TimeControl "180+1"]
[EndTime "10:08:21 PST"]
[Termination "youngKID won by resignation"]

1. d4 Nf6 2. Nc3 g6 3. Bf4 Bg7 4. Qd2 d5 5. O-O-O h5 6. f3 Bf5 7.
Nh3 Bxh3 8. gxh3 c6 9. e4 h4 10. Bg5 Nbd7 11. Bd3 Nf8 12. e5 Nh5 13. f4 Ne6 14. Kb1 Nxd4 15. Bxg6 Nf3 16. Qf2 Nxg5 17. Bxh5 Rxh5 18. fxg5 e6 19. Rhg1 Rxg5 20. Ne4 Rxg1 21. Qxg1 Kf8 22. Ng5 Bxe5 23. Rf1 Qb6 24. Qxb6 axb6 25.
Rxf7+ Kg8 26. Rxb7 b5 27. a3 Bxh2 28. Nxe6 Re8 29.
Nd4 Re3 30. Nxc6 Rxh3 31. Ne7+ Kf7 32. Nxd5+ Ke6 33. Rxb5 Rf3 34. Nc3 h3 35. Rh5 Bf4 36.
Ne2 Be5 37. Ka2 Re3 38. Ng1 h2 39. Nh3 Kf6 40. Nf2 Kg6 41. Rh3 Rxh3 42. Nxh3 h1=Q 43. Nf2 Qd5+ 44. Kb1 Bd4 45. Nd3 Qh1+ 46. Ka2 Qd5+ 47.
Kb1 Qe4 48. Ka2 Kf5 49. Kb1 Qe2 50. a4 Qd1+ 51. Ka2 Qxc2 52. Ka3 Qxd3+ 53. Kb4 Qd2+ 0-1

[Event "*** Titled Tuesday Blitz"]
[Site "Chess.com"]
[Date "2020.11.10"]
[Round "1"]
[White "hansen"]
[Black "r31415"]
[Result "1-0"]
[WhiteElo "2911"]
[BlackElo "2457"]
[TimeControl "180+1"]
[EndTime "10:08:22 PST"]
[Termination "hansen won by resignation"]

1. e4 e5 2. Nf3 Nc6 3. Bb5 Nf6 4. d3 Bc5 5. c3 d5 6. exd5 Qxd5 7. Bc4 Qd6 8. Nbd2 O-O 9. Qe2 a5 10. a4 Bf5 11. Ne4 Nxe4 12. dxe4 Be6 13. O-O Rad8 14.
Bg5 f6 15. Rad1 Qe7 16. Bc1 Qf7 17. Bxe6 Qxe6 18. Qb5 Bb6 19. Nd2 Na7 20. Qc4 Kf7 21.
Qxe6+ Kxe6 22. Nc4 Nc8 23. b3 c6 24. Nxb6 Nxb6 25. Be3 Nc8 26. f3 Rd7 27. Rxd7 Kxd7 28. b4 axb4 29. cxb4 Rd8 30. Kf2 Kc7 31. Ke2 Nb6 32. Ra1 Nc4 33. Bc1 b6 34. h4 Nd6 35. h5 Nf7 36. a5 bxa5 37. bxa5 Rb8 38. a6 Nd6 39. Be3 Nb5 40. f4 Ra8 41. fxe5 fxe5 42.
Bc5 Nd4+ 43. Bxd4 exd4 44. Kd3 c5 45. Kc4 Kb6 46. Rb1+ Kc6 47. Rb5 Rxa6 48. Rxc5+ Kd6 49. Kxd4 Ke6 50. Rc7 Ra4+ 51. Ke3 Kf6 52. Kf4 Rb4 53. g4 h6 54. Rc6+ Kf7 55. Kf5 Rb5+ 56. e5 Rb7 57.
Rd6 Rb2 58. Rd7+ Kf8 59. Rd8+ Ke7 60. Rd4 Kf8 61. Kg6 Rb6+ 62. Kh7 Rb7 63. Rf4+ Ke8 64. Kg6 Re7 65. Rf5 Re6+ 66. Kxg7 Re7+ 67. Kxh6 1-0

[Event "*** Titled Tuesday Blitz"]
[Site "Chess.com"]
[Date "2020.11.10"]
[Round "1"]
[White "Nuvas"]
[Black "IwkooO"]
[Result "0-1"]
[WhiteElo "2317"]
[BlackElo "2639"]
[TimeControl "180+1"]
[EndTime "10:08:22 PST"]
[Termination "IwkooO won by resignation"]

1. d4 Nf6 2. c4 e6 3. Nc3 Bb4 4. g3 d5 5. Bg2 O-O 6. Nf3 dxc4 7. O-O c6 8. Ne5 Nd5 9. Qc2 b5 10. a4 Bxc3 11. bxc3 Bb7 12. Rb1 Qa5 13. axb5 cxb5 14.
Nxc4 Qxc3 15. Qxc3 Nxc3 16. Bxb7 Nxb1 17. Na3 Nxa3 18. Bxa3 Nd7 19. Bxf8 Rxf8 20. Rb1 Rb8 21. Rxb5 Kf8 22. Kg2 Ke7 23. Kf3 Kd6 24. Ke4 a5 25.
Ba6 Ra8 26. Bb7 Ra7 27. Rb1 a4 28. Kd3 a3 29. Bf3 a2 30. Ra1 Nb6 31. Kc3 Nd5+ 32. Kb3 Rb7+ 33. Kxa2 Nc3+ 34. Ka3 Nb5+ 35. Kb2 Rb6 36.
Rd1 Nxd4+ 37. Kc3 e5 38. e3 Rb3+ 39. Kc4 Ra3 40. Bh1 Ra4+ 41. Kc3 Ra3+ 42. Kb4 Rb3+ 43.
Kc4 Rb2 44. exd4 Rxf2 45. d5 Rxh2 46. Rb1 Rc2+ 47. Kd3 Rc5 48. Rb6+ Ke7 49. Rc6 Rxc6 50. dxc6 f5 51. Kc4 Kd6 52. Kb5 Kc7 53. Kc5 g5 54.
Kd5 e4 55. Ke5 g4 56. Kxf5 e3 57. Kxg4 e2 58. Bf3 e1=Q 59. Kf4 Qe7 60. g4 Qf6+ 61. Kg3 h6 62. Bg2 Kd6 63. Kh3 Qe7 64. Kg3 Ke5 65.
Kh3 Kf4 66. c7 Qxc7 0-1